 Seeded DCSS version 0.28-a0-1567-g1695149f81 (webtiles) character file.

Game seed: 28271 (custom seed)

18 knot the Chopper (level 2, 24/24 HPs)
             Began as a Demonspawn Berserker on Jan 20, 2022.
             Was a Follower of Trog.
             Quit the game on level 1 of the Dungeon.
             The game lasted 00:00:32 (600 turns).

knot the Chopper (Demonspawn Berserker)              Turns: 600, Time: 00:00:32

Health: 24/24      AC:  2    Str: 17    XL:     2   Next: 48%
Magic:  2/2        EV: 12    Int:  8    God:    Trog [*.....]
Gold:   20         SH:  0    Dex: 12    Spells: 1/1 levels left

rFire   . . .      SeeInvis .   c - +1 hand axe (flame)
rCold   . . .      Faith    .   (no shield)
rNeg    . . .      Spirit   .   b - +0 animal skin
rPois   .          Reflect  .   (no helmet)
rElec   .          Harm     .   (no cloak)
rCorr   .          Rampage  .   (no gloves)
Will    .....                   (no boots)
Stlth   +.........              (no amulet)
HPRegen 0.08/turn               (no ring)
MPRegen 0.08/turn               (no ring)

@: no status effects
A: powered by pain 1
a: Renounce Religion, Berserk


You were on level 1 of the Dungeon.
You worshipped Trog.
Trog was aware of your devotion.
You visited 1 branch of the dungeon, and saw 1 of its levels.

You collected 20 gold pieces.

Inventory:

Hand Weapons
 a - a +0 hand axe
 c - a +1 hand axe of flaming (weapon)
Armour
 b - a +0 animal skin (worn)
Jewellery
 d - an amulet of reflection


   Skills:
 - Level 3.0 Fighting
 + Level 3.5 Axes
 - Level 1.7 Armour
 - Level 1.7 Dodging


You had one spell level left.
You didn't know any spells.
Your spell library was empty.

Dungeon Overview and Level Annotations

Branches:
Dungeon (1/15)

Altars:


Innate Abilities, Weirdness & Mutations

You sometimes gain a little power by taking damage.


Message History

The endoplasm jiggles.
You closely miss the hobgoblin.
The hobgoblin is almost dead.
The hobgoblin hits you with a +0 hand axe.
* * * LOW HITPOINT WARNING * * *
A red film seems to cover your vision as you go berserk!
You feel yourself moving faster!
You feel mighty!
The hobgoblin hits you with a +0 hand axe.
* * * LOW HITPOINT WARNING * * *
The endoplasm hits you but does no damage.
You slash the hobgoblin! You burn the hobgoblin.
You kill the hobgoblin!
Trog accepts your kill.
You hit the endoplasm. You burn the endoplasm. You slash the goblin!
You burn the goblin.
You feel the power of Trog in you as your rage grows.
You kill the goblin!
Trog accepts your kill. The endoplasm freezes you.
You are frozen.
* * * LOW HITPOINT WARNING * * *
You slash the endoplasm! You burn the endoplasm.
You kill the endoplasm!
Trog accepts your kill.
You feel a strong urge to attack something.
There is an open door here.
You slam the door shut with a bang!
You feel your anger nearly subside.
You are no longer berserk.
You are exhausted.
You feel yourself slow down.
You start resting.
You feel yourself speed up.
You start resting.
You recover from your berserk rage.
You start resting.
You start resting.
HP restored.
You start waiting.
Done waiting.
Are you sure you want to abandon this character and quit the game? (Confirm with "yes".)

#....... #.#..#.# #).....#
#.#..#.. #......#
#.#..##### #......#
#.#....†.. #......#
#.##.##†.. #......# #.
#.##... #....))# #.##...
#......###### #.##...
.........+@...#... ..##...
.........####.#..#######...
..$####### #.#..#.........
.. #.#..#.#######. )
#.#..#.#######.
#.#....†.....).
#.##.##.#######
#..............
####.#..#..####


There were no monsters in sight!

Vanquished Creatures
  A ball python (D:1)
  An endoplasm (D:1)
  A goblin (D:1)
  5 hobgoblins (D:1)
  4 jackals (D:1)
  2 rats (D:1)
14 creatures vanquished.

Notes
Turn   | Place    | Note
-------+----------+-------------------------------------------
     0 | D:1      | knot the Demonspawn Berserker began the quest for the Orb.
     0 | D:1      | Reached XP level 1. HP: 18/18 MP: 1/1
   191 | D:1      | Gained mutation: You sometimes gain a little power by
                  | taking damage. [demonic ancestry]
   191 | D:1      | Reached XP level 2. HP: 24/24 MP: 2/2
   600 | D:1      | Quit the game

Illustrated notes

Levels and vault maps discovered:
D:1:      wander_arrival_peaceful_grave, layout_basic,
          shapermc_ecumenical_altar_petra

Skill      XL: |  1 |
---------------+----+-----
Axes           | 3 |  3.5
Fighting       | |  3.0
Armour         | |  1.7
Dodging        | |  1.7

Action                   || total
-------------------------++-------
Melee: Hand axe          ||    24
Invok: Berserk           ||     1
 Stab: Sleeping          ||     1
Armor: Animal skin       ||     3
Dodge: Dodged            ||    16

Table legend: (Time is in decaauts)
 A = Elapsed time spent in this place.
 B = Non-inter-level travel time spent in this place.
 C = Inter-level travel time spent in this place.
 D = Time resting spent in this place.
 E = Time spent auto-exploring this place.
 F = Levels seen in this place.
 G = Mean time per level.
                   A        B        C        D        E       F      G
               +--------+--------+--------+--------+--------+-----+--------+
         Total |    613 |    613 |      0 |    355 |    198 |   1 |  613.0 |
       Dungeon |    613 |    613 |      0 |    355 |    198 |   1 |  613.0 |
               +--------+--------+--------+--------+--------+-----+--------+

Top non-repeatable levels by time:
     D:1: 613 daAuts
